 Dungeon Crawl Stone Soup version 0.26.0-15-gc6cd9f700b (webtiles) character file.

Game seed: 3301344374620875416

65 EnegeticOcto the Stinger (level 4, 32/32 HPs)
             Began as a Gnoll Venom Mage on Jan 16, 2021.
             Quit the game in a sewer.
             The game lasted 00:03:28 (528 turns).

EnegeticOcto the Stinger (Gnoll Venom Mage)          Turns: 528, Time: 00:03:29

Health: 32/32      AC:  2    Str: 11    XL:     4   Next: 13%
Magic:  11/11      EV: 15    Int: 18    God:
Gold:   12         SH:  0    Dex: 15    Spells: 7/13 levels left

rFire    . . .     SeeInvis .   j - +2 short sword (speed)
rCold    . . .     Faith    .   (no shield)
rNeg     . . .     Spirit   .   a - +0 robe
rPois    .         Reflect  .   (no helmet)
rElec    .         Harm     .   (no cloak)
rCorr    .         Rampage  .   (no gloves)
Will     .....                  (no boots)
Stlth    ++........             (no amulet)
HPRegen  0.10/turn              h - ring of flight
MPRegen  0.12/turn              (no ring)

@: very slow
A: distributed training, fangs 1, strong nose
a: Evoke Flight


You were in a sewer.
You visited 1 branch of the dungeon, and saw 4 of its levels.
You also visited: Sewer.

You collected 12 gold pieces.

Inventory:

Hand Weapons
 f - a +0 dagger
   (You took it off a kobold on level 2 of the Dungeon)
 j - a +2 short sword of speed (weapon)
   (You took it off an orc on level 3 of the Dungeon)
Armour
 a - a +0 robe (worn)
Jewellery
 h - a ring of flight (left hand)
   (You found it on level 3 of the Dungeon)
Scrolls
 c - 2 scrolls of identify {unknown}
 d - a scroll of random uselessness {unknown}
 e - a scroll of fear {unknown}
 i - a scroll of amnesia {unknown}
Potions
 b - a potion of resistance {unknown}
 g - a potion of heal wounds {unknown}


   Skills:
 + Level 1.0 Fighting
 + Level 1.0 Short Blades
 + Level 1.0 Long Blades
 + Level 1.0 Axes
 + Level 1.0 Maces & Flails
 + Level 1.0 Polearms
 + Level 1.0 Staves
 + Level 1.0 Slings
 + Level 1.0 Bows
 + Level 1.0 Crossbows
 + Level 1.0 Throwing
 + Level 1.0 Armour
 + Level 4.6 Dodging
 + Level 4.2 Stealth
 + Level 1.0 Shields
 + Level 1.0 Unarmed Combat
 + Level 5.0 Spellcasting
 + Level 0.8 Conjurations
 + Level 0.8 Hexes
 + Level 0.8 Summonings
 + Level 0.8 Necromancy
 + Level 0.8 Translocations
 + Level 2.2 Transmutations
 + Level 0.8 Fire Magic
 + Level 0.8 Ice Magic
 + Level 0.8 Air Magic
 + Level 0.8 Earth Magic
 + Level 5.4 Poison Magic
 + Level 1.1 Invocations
 + Level 1.0 Evocations


You had 7 spell levels left.
You knew the following spells:

 Your Spells              Type           Power        Failure   Level
a - Sting                 Tmut/Pois      72%          2%          1
b - Poisonous Vapours     Pois/Air       30%          5%          2
c - Mephitic Cloud        Conj/Pois/Air  13%          16%         3

Your spell library contained the following spells:

 Spells                   Type           Power        Failure   Level
 Ignite Poison            Fire/Tmut/Pois 14%          12%         3
 Olgreb's Toxic Radiance  Pois           24%          14%         4


Dungeon Overview and Level Annotations

Branches:
Dungeon (4/15)              Sewer (1/1)
 Temple: D:4-7

Altars:


Innate Abilities, Weirdness & Mutations

Your experience applies equally to all skills.
You have very sharp teeth.
Your uncanny sense of smell can sniff out nearby items.


Message History

You see here a leopard gecko corpse.
You enter the shallow water.
Moving in this stuff is going to be slow.
A leopard gecko comes into view.
Casting: Sting (safe; 2% risk of failure)
Confirm with . or Enter, or press ? or * to list all spells.
Aiming: Sting (safe; 2% risk of failure)
Press: ? - help, Shift-Dir - straight line, f - leopard gecko
Aim: a leopard gecko (wandering, hasn't noticed you, 40% to evade)
You miscast Sting.
You are very lightly contaminated with residual magic.
Nothing appears to happen.
Casting: Sting (safe; 2% risk of failure)
Confirm with . or Enter, or press ? or * to list all spells.
Aiming: Sting (safe; 2% risk of failure)
Press: ? - help, Shift-Dir - straight line, f/p - leopard gecko
Aim: a leopard gecko (40% to evade)
The sting hits the leopard gecko.
The leopard gecko is poisoned.
The leopard gecko is moderately wounded.
The leopard gecko closely misses you.
Your unstable footing causes you to fumble your attack.
The leopard gecko bites you.
You closely miss the leopard gecko.
You bite the leopard gecko, but do no damage.
The leopard gecko is moderately wounded.
The leopard gecko barely misses you.
You barely miss the leopard gecko.
The leopard gecko is heavily wounded.
The leopard gecko bites you.
You barely miss the leopard gecko.
The leopard gecko is heavily wounded.
You barely miss the leopard gecko.
The leopard gecko is heavily wounded.
The leopard gecko completely misses you.
You barely miss the leopard gecko.
The leopard gecko is heavily wounded.
The leopard gecko misses you.
You hit the leopard gecko.
The leopard gecko is almost dead.
The leopard gecko misses you.
A ball python comes into view.
Your magical contamination has completely faded away.
Your unstable footing causes you to fumble your attack.
The ball python hisses angrily.
The leopard gecko looks more healthy.
The leopard gecko completely misses you.
Your unstable footing causes you to fumble your attack.
You closely miss the leopard gecko.
The leopard gecko is almost dead.
The ball python closely misses you. The ball python misses you.
The leopard gecko barely misses you.
You hit the leopard gecko.
You kill the leopard gecko!
The ball python misses you. The ball python barely misses you.
Casting: Sting (safe; 2% risk of failure)
Confirm with . or Enter, or press ? or * to list all spells.
Aiming: Sting (safe; 2% risk of failure)
Press: ? - help, Shift-Dir - straight line, f - ball python
Aim: a ball python (29% to evade)
The sting misses the ball python.
The ball python misses you. The ball python grabs you.
The ball python constricts you.
You escape the ball python's grasp.
The ball python closely misses you. The ball python barely misses you.
You hit the ball python.
You kill the ball python!
You enter the shallow water.
Moving in this stuff is going to be slow.
An ooze comes into view.
The ooze quivers.
Casting: Sting (safe; 2% risk of failure)
Confirm with . or Enter, or press ? or * to list all spells.
Aiming: Sting (safe; 2% risk of failure)
Press: ? - help, Shift-Dir - straight line, f - ooze
Aim: an ooze (2% to evade)
The sting hits the ooze.
The ooze partially resists.
The ooze is moderately wounded.
You completely miss the ooze. Your bite misses the ooze.
The ooze is moderately wounded.
The ooze misses you.
You barely miss the ooze. You bite the ooze.
The ooze is moderately wounded.
You hit the ooze.
The ooze is severely wounded.
The ooze hits you.
You completely miss the ooze.
The ooze is severely wounded.
The ooze hits you.
You hit the ooze.
You kill the ooze!
You enter the shallow water.
Moving in this stuff is going to be slow.
Magic restored.
HP restored.
You enter the shallow water.
Moving in this stuff is going to be slow.
You enter the shallow water.
Moving in this stuff is going to be slow.
An ooze and a giant cockroach come into view.
The ooze quivers.
Are you sure you want to abandon this character and quit the game? (Confirm with "yes".)

#∩#
≈≈≈≈#..
J≈B#≈.##
#.≈##..#
≈≈.#.∩#
#.≈#†.#
#≈≈##†##
#≈.≈#†.#
#@#≈≈#
#.#≈≈#
#≈#≈≈#
#.#≈.#
##≈#≈≈#
#≈.#≈≈#
#≈≈#.≈#
#.≈≈≈≈#
#≈≈≈≈≈#


You could see an ooze and a giant cockroach.

Vanquished Creatures
  2 adders (D:2)
  3 oozes (Sewer)
  2 dart slugs
  2 leopard geckos (Sewer)
  An orc (D:3)
  A bat (D:2)
  4 giant cockroaches
  2 goblins
  A hobgoblin (D:3)
  A kobold (D:2)
  7 ball pythons
  2 rats
28 creatures vanquished.

Notes
Turn   | Place    | Note
-------+----------+-------------------------------------------
     0 | D:1      | EnegeticOcto the Gnoll Venom Mage began the quest for the
                  | Orb.
     0 | D:1      | Reached XP level 1. HP: 13/13 MP: 6/6
    98 | D:2      | Reached skill level 2 in Transmutations
    98 | D:2      | Reached XP level 2. HP: 20/20 MP: 4/7
   122 | D:2      | Reached XP level 3. HP: 16/25 MP: 0/9
   125 | D:2      | Learned a level 2 spell: Poisonous Vapours
   129 | D:2      | Learned a level 3 spell: Mephitic Cloud
   152 | D:2      | Reached skill level 5 in Spellcasting
   232 | D:4      | Found a glowing drain.
   243 | D:4      | Reached skill level 1 in Invocations
   257 | Sewer    | Entered a sewer
   272 | Sewer    | Reached skill level 1 in Fighting
   272 | Sewer    | Reached skill level 1 in Short Blades
   272 | Sewer    | Reached skill level 1 in Long Blades
   272 | Sewer    | Reached skill level 1 in Axes
   272 | Sewer    | Reached skill level 1 in Maces & Flails
   272 | Sewer    | Reached skill level 1 in Polearms
   272 | Sewer    | Reached skill level 1 in Staves
   272 | Sewer    | Reached skill level 1 in Slings
   272 | Sewer    | Reached skill level 1 in Bows
   272 | Sewer    | Reached skill level 1 in Crossbows
   272 | Sewer    | Reached skill level 1 in Throwing
   272 | Sewer    | Reached skill level 1 in Armour
   272 | Sewer    | Reached skill level 1 in Shields
   272 | Sewer    | Reached skill level 1 in Unarmed Combat
   272 | Sewer    | Reached skill level 1 in Evocations
   280 | Sewer    | Reached XP level 4. HP: 15/32 MP: 0/11
   528 | Sewer    | Quit the game

Illustrated notes

Levels and vault maps discovered:
D:1:      lightli_arrival_quake, layout_basic
D:2:      layout_rooms
D:3:      layout_rooms
D:4:      layout_cave_pools, temple_pool_b, portal_sewer_entry_a, serial_shops,
          shop, lexackson_kobold_supper
Sewer:    sewer_frog_island_02

Skill      XL: |  1  2  3 |
---------------+----------+-----
Transmutations | 2 |  2.2
Spellcasting   | 5 |  5.0
Invocations    | 1 |  1.1
Fighting       | 1 |  1.0
Short Blades   | 1 |  1.0
Long Blades    | 1 |  1.0
Axes           | 1 |  1.0
Maces & Flails | 1 |  1.0
Polearms       | 1 |  1.0
Staves         | 1 |  1.0
Slings         | 1 |  1.0
Bows           | 1 |  1.0
Crossbows      | 1 |  1.0
Throwing       | 1 |  1.0
Armour         | 1 |  1.0
Shields        | 1 |  1.0
Unarmed Combat | 1 |  1.0
Evocations     | 1 |  1.0
Dodging        | |  4.6
Stealth        | |  4.2
Conjurations   | |  0.8
Hexes          | |  0.8
Summonings     | |  0.8
Necromancy     | |  0.8
Translocations | |  0.8
Fire Magic     | |  0.8
Ice Magic      | |  0.8
Air Magic      | |  0.8
Earth Magic    | |  0.8
Poison Magic   | |  5.4

Action                   |  1- 3 |  4- 6 || total
-------------------------+-------+-------++-------
Melee: Unarmed           |     5 |       ||     5
       Bite              |     4 |     2 ||     6
       Short sword       |    24 |    17 ||    41
       Dagger            |     3 |       ||     3
 Cast: Sting             |    23 |     3 ||    26
Armor: Robe              |     2 |       ||     2
Dodge: Dodged            |    35 |    15 ||    50
